 Dungeon Crawl Stone Soup version 0.20-a0-1089-g3fde505 (webtiles) character file.

1547 kuniqs the Twirler (level 8, -3/67 HPs)
             Began as a Gnoll Gladiator on May 3, 2017.
             Slain by Blork the orc
             ... wielding a +0 trident of venom
              (6 damage)
             ... on level 5 of the Dungeon.
             The game lasted 00:07:14 (4006 turns).

kuniqs the Twirler (Gnoll Gladiator)                Turns: 4006, Time: 00:07:14

Health: -3/67      AC: 10    Str: 11    XL:     8   Next: 87%
Magic:  8/8        EV: 15    Int: 12    God:
Gold:   150        SH:  0    Dex: 17    Spells: 7/7 levels left

rFire    . . .     SeeInvis .   a - +0 quarterstaff
rCold    . . .     Gourm    .   (shield currently unavailable)
rNeg     . . .     Faith    .   i - +0 ring mail
rPois    .         Spirit   .   t - +1 helmet {Int+3}
rElec    .         Reflect  .   q - +0 cloak
rCorr    .         Harm     .   (no gloves)
MR       .....                  (no boots)
Stlth    ++........             y - amulet of rage
Regen    0.3/turn               j - -2 ring of strength (curse)
MPRegen  0.2/turn               r - ring of stealth

@: lethally poisoned (-3 -> -23), hasted and slowed
A: short attention span, fangs 1, strong nose
a: Evoke Berserk Rage


You were on level 5 of the Dungeon.
You were very hungry.

You visited 1 branch of the dungeon, and saw 5 of its levels.

You collected 150 gold pieces.

Inventory:

Hand Weapons
 a - a +0 quarterstaff (weapon)
Missiles
 f - 3 throwing nets
 A - 4 tomahawks (quivered)
Armour
 i - a +0 ring mail (worn)
 q - a +0 cloak (worn)
 t - a +1 helmet of intelligence (worn)
Jewellery
 j - a cursed -2 ring of strength (left hand)
 r - a ring of stealth (right hand)
 y - an amulet of rage (around neck)
Wands
 u - a wand of polymorph (14/24)
Scrolls
 c - a scroll of noise {unknown}
 g - 2 scrolls of remove curse {unknown}
 h - 6 scrolls of teleportation {unknown}
 k - a scroll of fear {unknown}
 m - 7 scrolls of identify {unknown}
 n - 3 scrolls of enchant weapon {unknown}
 s - a scroll of immolation {unknown}
 B - a scroll of amnesia {unknown}
 C - a scroll of recharging {unknown}
Potions
 o - 2 potions of flight
 p - 3 potions of ambrosia {unknown}
 v - a potion of haste
 w - a potion of lignification {unknown}
 x - a potion of berserk rage
 z - a potion of brilliance {unknown}
Comestibles
 b - 6 chunks of flesh
 d - 2 bread rations
 e - 4 meat rations


   Skills:
 + Level 7.2 Fighting
 + Level 7.9 Staves
 + Level 7.2 Throwing
 + Level 6.7 Armour
 + Level 7.8 Dodging


You had 7 spell levels left.
You didn't know any spells.

Dungeon Overview and Level Annotations

Branches:
Dungeon (5/15)
 Temple: D:4-7

Altars:
Elyvilon
Kikubaaqudgha
Vehumet

Annotations:
D:5 Blork the orc


Innate Abilities, Weirdness & Mutations

You have a short attention span.
You have very sharp teeth.
Your uncanny sense of smell can sniff out nearby items.


Message History

You hear some strange, mumbled words.
A magic dart appears from out of thin air!
The magic dart hits you! The orc barely misses you.
You feel sick. Something closely misses you. The orc hits you.
* * * LOW HITPOINT WARNING * * *
Something hits you.
* * * LOW HITPOINT WARNING * * *
You are more poisoned.
Things that are here:
a flail; an orc corpse You feel sick.
Something barely misses you. The orc hits you.
* * * LOW HITPOINT WARNING * * *
Okay, then.
It was a potion of haste.
You feel yourself speed up.
* * * LOW HITPOINT WARNING * * *
You feel sick. Something hits you.
* * * LOW HITPOINT WARNING * * *
You are more poisoned.
Something hits you.
You die...

######.### #.#.#..........#
####P^## #.#.#..........#
###(^^.^^### #.# ##....####.#
#...P.P.#.P####.# #....# #.#
.P^P.P###.#...#.# #....# #.#
#.......))^.###.. #....# #.#
^...#)#.#.#..##.####....####.#
#....P^)#.##.##..............#
#P.######## ###@##############
########o######
........))..$... ∆ ∆
######.######### #W #. ∆ .. ..
...


You could see a phantom and an orc.

Vanquished Creatures
  Pikel (D:4)
  The ghost of graki42 the Cutter, a novice HaFi of Okawaru (D:4)
  The ghost of alfred1011 the Firebug, an amateur DrFE (D:3)
  5 scorpions
  2 orc priests (D:4)
  A bullfrog skeleton (D:4)
  3 orc wizards
  3 worker ants
  Robin (D:2)
  4 gnolls (D:3)
  8 adders
  A shadow imp (D:5)
  An ooze (D:1)
  2 adder skeletons (D:4)
  2 worms
  3 leopard geckos
  14 orcs
  A ball python (D:1)
  5 giant cockroaches
  16 goblins
  4 hobgoblins
  4 jackals (D:4)
  8 kobolds
  A quokka (D:2)
  13 bats
  10 frilled lizards
  A quokka skeleton (D:5)
  12 rats
  A fungus (D:5)
129 creatures vanquished.

Vanquished Creatures (others)
  A slave (D:4)
  A worker ant (D:4)
2 creatures vanquished.

Grand Total: 131 creatures vanquished

Notes
Turn   | Place    | Note
-------+----------+-------------------------------------------
     0 | D:1      | kuniqs the Gnoll Gladiator began the quest for the Orb.
     0 | D:1      | Reached XP level 1. HP: 18/18 MP: 1/1
   131 | D:1      | Reached skill level 1 in Armour
   131 | D:1      | Reached XP level 2. HP: 24/24 MP: 2/2
   674 | D:2      | Reached XP level 3. HP: 30/30 MP: 3/3
   806 | D:2      | Found a radiant altar of Vehumet.
  1097 | D:2      | Found an ancient bone altar of Kikubaaqudgha.
  1254 | D:2      | Reached skill level 5 in Dodging
  1257 | D:2      | Reached XP level 4. HP: 33/37 MP: 4/4
  1264 | D:2      | Noticed Robin
  1278 | D:2      | Killed Robin
  1626 | D:3      | Reached skill level 5 in Staves
  1652 | D:3      | Noticed alfred1011's ghost (amateur DrFE)
  1696 | D:3      | Killed alfred1011's ghost
  1696 | D:3      | Reached XP level 5. HP: 43/43 MP: 5/5
  1819 | D:3      | Reached XP level 6. HP: 34/50 MP: 6/6
  2019 | D:3      | Reached skill level 5 in Fighting
  2666 | D:4      | Reached skill level 5 in Throwing
  2788 | D:4      | Found a white marble altar of Elyvilon.
  2905 | D:4      | Reached XP level 7. HP: 56/56 MP: 7/7
  2955 | D:4      | Noticed graki42's ghost (novice HaFi)
  2972 | D:4      | Killed graki42's ghost
  2972 | D:4      | Reached skill level 5 in Armour
  3117 | D:4      | Noticed Pikel
  3137 | D:4      | Killed Pikel
  3137 | D:4      | Reached XP level 8. HP: 56/65 MP: 8/8
  3676 | D:5      | Entered Level 5 of the Dungeon
  3982 | D:5      | Noticed Blork the orc
  4006 | D:5      | HP: 3/67 [something (5)]
  4006 | D:5      | Slain by Blork the orc

Vault maps used:
D:1:      matt_arrival_diagonals
D:2:      kiku_gazebo_pond_becter, vehumet_crystals, uniq_robin
D:3:      hangedman_abyss_or_decor_lesser_grid, minmay_unequal
D:4:      kennysheep_mini, first_bread, hangedman_abyss_or_decor_passed,
          uniq_pikel
D:5:      old_forge, serial_shops, shop, uniq_ijyb, uniq_blork_the_orc

Skill      XL: |  1  2  3  4  5  6  7  8 |
---------------+-------------------------+-----
Armour         | 1 2 3 4 6 |  6.7
Dodging        | 5 6 7 |  7.8
Fighting       | 4 5 6 7 |  7.2
Staves         | 5 6 7 |  7.9
Throwing       | 4 5 6 7 |  7.2

Action                   |  1- 3 |  4- 6 |  7- 9 || total
-------------------------+-------+-------+-------++-------
Melee: Quarterstaff      |    86 |   203 |   180 ||   469
       Bite              |    10 |    18 |    20 ||    48
 Abil: Evoke Berserk Rag |       |     1 |     3 ||     4
  Use: Potion            |       |     3 |     2 ||     5
 Stab: Sleeping          |     2 |     2 |     2 ||     6
       Held in net/web   |       |       |     3 ||     3
  Eat: Chunk             |     1 |     6 |     6 ||    13
Armor: Leather armour    |     3 |       |       ||     3
       Ring mail         |    39 |    65 |    54 ||   158
Dodge: Dodged            |    66 |   118 |   125 ||   309
